 Dungeon Crawl Stone Soup version 0.26.0-18-gc5c842f807 (webtiles) character file.

Game seed: 2440311495158852573

32 thiole the Magician (level 3, -3/21 HPs)
             Began as an Octopode Hedge Wizard on Jan 22, 2021.
             Killed by divine providence
             ... invoked by an orc priest
              (11 damage)
             ... on level 2 of the Dungeon.
             The game lasted 00:01:22 (1658 turns).

thiole the Magician (Octopode Hedge Wizard)         Turns: 1658, Time: 00:01:22

Health: -3/21      AC:  1    Str:  9    XL:     3   Next: 27%
Magic:  4/7        EV: 13    Int: 17    God:
Gold:   88         SH:  0    Dex: 11    Spells: 7/8 levels left

rFire    . . .     SeeInvis .   a - +0 dagger
rCold    . . .     Faith    .   (no shield)
rNeg     . . .     Spirit   .   b - +0 hat
rPois    .         Reflect  .   (no amulet)
rElec    .         Harm     .   (no ring)
rCorr    .         Rampage  .   (no ring)
Will     .....                  (no ring)
Stlth    +++.......             (no ring)
HPRegen  0.07/turn              (no ring)
MPRegen  0.10/turn              (no ring)
                                (no ring)
                                (no ring)

@: no status effects
A: almost no armour, stealthy swim, amphibious, 8 rings, constrict 8, camouflage
1, gelatinous body 1
a: no special abilities


You were on level 2 of the Dungeon.
You visited 1 branch of the dungeon, and saw 2 of its levels.

You collected 88 gold pieces.

Inventory:

Hand Weapons
 a - a +0 dagger (weapon)
Armour
 b - a +0 hat (worn)
Jewellery
 g - an uncursed ring of flight {unknown}
 p - an uncursed amulet of reflection {unknown}
Wands
 o - a wand of random effects (22)
Scrolls
 d - 2 scrolls of teleportation {unknown}
 f - 2 scrolls of identify {unknown}
 h - a scroll of enchant armour {unknown}
 i - a scroll of remove curse {unknown}
Potions
 c - a potion of resistance {unknown}
 e - a potion of degeneration {unknown}
 j - a potion of heal wounds
 k - a potion of lignification {unknown}
 l - a potion of magic {unknown}
 m - a potion of ambrosia {unknown}
 n - a potion of mutation {unknown}


   Skills:
 - Level 2.0 Dodging
 + Level 3.2 Stealth
 + Level 3.2 Spellcasting
 * Level 1.9 Conjurations
 * Level 1.8 Summonings
 - Level 1.0 Translocations


You had 7 spell levels left.
You knew the following spells:

 Your Spells              Type           Power        Failure   Level
a - Magic Dart            Conj           36%          8%          1

Your spell library contained the following spells:

 Spells                   Type           Power        Failure   Level
 Call Imp                 Summ           9%           12%         2
 Blink                    Tloc           N/A          17%         2
 Slow                     Hex            2%           26%         2
 Conjure Flame            Conj/Fire      6%           34%         3
 Mephitic Cloud           Conj/Pois/Air  4%           36%         3


Dungeon Overview and Level Annotations

Branches:
Dungeon (2/15)

Altars:


Innate Abilities, Weirdness & Mutations

You cannot wear most types of armour.
You are very stealthy in the water. (Stealth+)
You are amphibious.
You can wear up to eight rings at the same time.
You can use your tentacles to constrict eight enemies at once.
Your skin changes colour to match your surroundings (Stealth+).
Your rubbery body absorbs attacks. (AC +1, EV +1)


Message History

* * * LOW HITPOINT WARNING * * *
It was a potion of heal wounds.
You feel much better.
You constrict the orc wizard. The orc wizard barely misses you.
You hit the orc wizard.
The orc wizard is severely wounded.
You constrict the orc wizard.
The orc wizard struggles to escape constriction.
The orc wizard gestures at you while chanting.
The magic dart hits you.
You barely miss the orc wizard.
The orc wizard is almost dead.
You constrict the orc wizard.
The orc wizard hits you with a +0 dagger.
The orc shouts!
You hit the orc wizard.
You kill the orc wizard!
The orc priest calls down the wrath of Beogh upon you.
Beogh smites you!
Ouch! That really hurt!
You die...

....###..#####..#.oo..
#......# #..# #o..
##..#.## #..# .. #
#....######..# ###.
#.#....o.##o.#
....#####(#..###.....#
#........#.## ##o...#
..#.##.....#.# ##)....#
.............# #@o....#
#..##†.......##..#..#..#
#............##.##...
###.....##...## .# ###.
#............. .#
#.#............. ..
#............... .
##.##..........#.
...###.......#..#


You could see an orc priest and 2 orcs.

Vanquished Creatures
  An orc wizard (D:2)
  A worm (D:2)
  2 dart slugs (D:1)
  3 leopard geckos (D:2)
  A giant cockroach (D:1)
  2 goblins (D:1)
  2 hobgoblins (D:1)
  4 bats
  3 frilled lizards
  4 kobolds
  3 rats (D:1)
26 creatures vanquished.

Notes
Turn   | Place    | Note
-------+----------+-------------------------------------------
     0 | D:1      | thiole the Octopode Hedge Wizard began the quest for the
                  | Orb.
     0 | D:1      | Reached XP level 1. HP: 11/11 MP: 4/4
   301 | D:1      | Reached XP level 2. HP: 17/17 MP: 0/6
  1412 | D:2      | Reached XP level 3. HP: 21/21 MP: 3/7
  1654 | D:2      | HP: 1/21 [orc wizard/+0 dagger (1)]
  1658 | D:2      | Killed from afar by an orc priest

Illustrated notes

Levels and vault maps discovered:
D:1:      amcnicky_arrival_blooded_trapdoor, layout_basic, minmay_crystal_water,
          serial_bayou_pond_e, hangedman_decor_growths
D:2:      cheibrodos_pilgrimage, layout_rooms, nemelex_dance_club_becter,
          uniq_crazy_yiuf_cottage

Skill      XL: |  1  2 |
---------------+-------+-----
Stealth        | 3 |  3.2
Dodging        | |  2.0
Spellcasting   | |  3.2
Conjurations   | |  1.9
Summonings     | |  1.8
Translocations | |  1.0

Action                   || total
-------------------------++-------
Melee: Dagger            ||    24
       Constrict         ||     9
       Tentacles         ||     6
 Cast: Magic Dart        ||    57
  Use: Potion            ||     1
Armor: Skin              ||     1
Dodge: Dodged            ||    14
